 Dungeon Crawl Stone Soup version 0.23.1 (webtiles) character file.

Game seed: 17602202490476459356

46 uberloutre the Ruffian (level 3, -9/30 (31) HPs)
             Began as a Ghoul Monk on Mar 5, 2019.
             Mangled by a gnoll
             ... wielding a +0 halberd
              (13 damage)
             ... on level 2 of the Dungeon.
             The game lasted 00:06:17 (872 turns).

uberloutre the Ruffian (Ghoul Monk)                  Turns: 872, Time: 00:06:18

HP:   -9/30 (31)    AC:  4    Str: 14    XL:     3   Next: 68%
MP:   2/2           EV: 13    Int:  5    God:
Gold: 14            SH:  0    Dex: 12    Spells: 2/2 levels left

rFire    . . .     SeeInvis +     - Unarmed
rCold    + . .     Gourm    .   (no shield)
rNeg     + + +     Faith    .   a - +2 robe
rPois    ∞         Spirit   .   (no helmet)
rElec    .         Reflect  .   (no cloak)
rCorr    .         Harm     .   (no gloves)
MR       .....                  (no boots)
Stlth    ++........             (no amulet)
HPRegen  0.00/turn              d - ring of see invisible
MPRegen  0.08/turn              (no ring)

@: rotting
A: rotting body, claws 1, carnivore, cold resistance 1, negative energy
resistance 3, inhibited regeneration, torment resistance, unbreathing
a: no special abilities


You were on level 2 of the Dungeon.
You were not hungry.

You visited 1 branch of the dungeon, and saw 2 of its levels.

You collected 14 gold pieces.

Inventory:

Armour
 a - a +2 robe (worn)
Jewellery
 d - a ring of see invisible (left claw)
Scrolls
 b - a scroll of immolation {unknown}
 c - a scroll of enchant armour
 e - a scroll of random uselessness {unknown}
 h - a scroll of enchant weapon {unknown}
 i - 2 scrolls of teleportation {unknown}
 k - a scroll of magic mapping {unknown}
Potions
 g - 2 potions of agility


   Skills:
 + Level 3.5 Fighting
 * Level 3.4 Dodging
 - Level 2.1 Stealth
 + Level 4.0 Unarmed Combat


You had 2 spell levels left.
You didn't know any spells.
Your spell library was empty.

Dungeon Overview and Level Annotations

Branches:
Dungeon (2/15)

Altars:
Xom


Innate Abilities, Weirdness & Mutations

Your body is rotting away.
You thrive on raw meat.
You are immune to poison.
You have sharp fingernails.
You are carnivorous and can eat meat at any time.
Your flesh is cold resistant. (rC+)
You are immune to negative energy. (rN+++)
You do not regenerate when monsters are visible.
You are immune to unholy pain and torment.
You can survive without breathing.


Message History

You barely miss the jackal. The jackal barely misses you. The gnoll misses you.
You barely miss the jackal. The jackal bites you.
* * * LOW HITPOINT WARNING * * *
You scratch the jackal.
You kill the jackal!
The gnoll barely misses you. The adder barely misses you.
You claw the adder!
The adder is severely wounded.
The gnoll closely misses you. The adder bites you but does no damage.
You miss the adder.
The adder is severely wounded.
The adder misses you. The gnoll barely misses you.
You completely miss the adder.
The adder is severely wounded.
The adder closely misses you.
You scratch the adder.
You kill the adder!
Your Unarmed Combat skill increases to level 4!
The gnoll hits you from afar with a +0 halberd!
You die...

#..#.#..# .#
##..#.#..##..#
.......†.....#
#. #.#<)###.###
#..#...g.......
......ghw...###
#.###ggg##### #
###†### #...@.#
#>###.# ... ..#
### ..# ..# #.#
.# .#


You could see 4 gnolls, a jackal and a hobgoblin.

Vanquished Creatures
  An adder (D:2)
  A dart slug (D:1)
  9 bats
  A goblin (D:1)
  6 hobgoblins
  6 jackals
  3 kobolds (D:1)
  2 frilled lizards (D:1)
  4 rats (D:1)
33 creatures vanquished.

Notes
Turn   | Place    | Note
-------+----------+-------------------------------------------
     0 | D:1      | uberloutre the Ghoul Monk began the quest for the Orb.
     0 | D:1      | Reached XP level 1. HP: 19/19 MP: 0/0
   124 | D:1      | Found a glowing silver altar of Zin.
   128 | D:1      | Reached XP level 2. HP: 24/26 MP: 1/1
   131 | D:1      | Found a shimmering altar of Xom.
   131 | D:1      | Found a shimmering altar of Xom.
   142 | D:1      | Found a sparkling altar of Nemelex Xobeh.
   142 | D:1      | Found a radiant altar of Vehumet.
   142 | D:1      | Found a hide-covered altar of Uskayaw.
   594 | D:1      | Reached XP level 3. HP: 29/31 MP: 2/2
   872 | D:2      | Reached skill level 4 in Unarmed Combat
   872 | D:2      | Mangled by a gnoll

Skill      XL: |  1  2  3 |
---------------+----------+-----
Dodging        | 3 |  3.4
Unarmed Combat | 4 |  4.0
Fighting       | |  3.5
Stealth        | |  2.1

Action                   || total
-------------------------++-------
Melee: Unarmed           ||   116
       Punch             ||     2
  Use: Scroll            ||     5
 Stab: Sleeping          ||     3
  Eat: Chunk             ||    13
       Ration            ||     1
Armor: Robe              ||    42
Dodge: Dodged            ||   122
